 Dungeon Crawl Stone Soup version 0.30.0-30-g96aa6591b8 (webtiles) character file.

Game seed: 179219351673721134

70 Chiseanne the Sneak (level 4, -1/31 HPs)
             Began as an Octopode Delver on June 28, 2023.
             Slain by a centaur (2 damage)
             ... on level 5 of the Dungeon.
             The game lasted 00:01:28 (476 turns).

Chiseanne the Sneak (Octopode Delver)                Turns: 476, Time: 00:01:29

Health: -1/31      AC:  1    Str: 11    XL:     4   Next: 21%
Magic:  7/13       EV: 14    Int: 12    God:
Gold:   9          SH:  0    Dex: 15    Spells: 3/3 levels left

rFire   . . .        a - +0 short sword
rCold   . . .        (no shield)
rNeg    . . .        (helmet restricted)
rPois   .            (no amulet)
rElec   .            i - ring of magical power
rCorr   .            (no ring)
SInv    .            (no ring)
Will    .....        (no ring)
Stlth   +++++        (no ring)
HPRegen 0.25/turn    (no ring)
MPRegen 0.13/turn    (no ring)
                     (no ring)

%: no passive effects
@: no status effects
A: almost no armour, amphibious, 8 rings, camouflage 1, gelatinous body 1,
(nimble swimmer 1), tentacles
a: no special abilities


You were on level 5 of the Dungeon.
You visited 2 branches of the dungeon, and saw 2 of its levels.

You collected 9 gold pieces.

Inventory:

Hand Weapons
 a - a +0 short sword (weapon)
Magical Staves
 g - a staff of cold
Jewellery
 i - a ring of magical power (left tentacle)
Wands
 f - a wand of digging (3)
 h - a wand of roots (9)
Scrolls
 b - a scroll of fog
 d - a scroll of fear
Potions
 c - a potion of lignification
 e - a potion of haste


   Skills:
 + Level 3.5 Fighting
 + Level 2.7 Short Blades
 + Level 2.7 Dodging
 + Level 7.2 Stealth


You had 3 spell levels left.
You didn't know any spells.
Your spell library was empty.

Dungeon Overview and Level Annotations

Branches:
Dungeon (5/15)             Temple (1/1) D:5

Altars:
Ashenzari
Dithmenos
Gozag
Hepliaklqana
Kikubaaqudgha
Makhleb
Nemelex Xobeh
Okawaru
Ru
Uskayaw
Vehumet
Wu Jian
Xom
Yredelemnul
The Shining One


Innate Abilities, Weirdness & Mutations

You cannot wear most types of armour.
You are amphibious.
You can wear up to eight rings at the same time.
Your skin changes colour to match your surroundings (Stealth+).
Your rubbery body absorbs attacks. (AC +1, EV +1)
((You are camouflaged when in or above water. (Stealth+)))
You have tentacles for arms and can constrict up to eight enemies at once.


Message History

The centaur hits you. The centaur kicks you. The centaur closely misses you.
The centaur kicks you.
You hit the centaur. You squeeze the centaur!
The centaur is moderately wounded.
The centaur closely misses you. The centaur barely misses you.
You hit the centaur.
You squeeze the centaur, but do no damage.
The centaur is heavily wounded.
The centaur hits you. The centaur kicks you.
You hit the centaur but do no damage.
The centaur is heavily wounded.
The centaur hits you but does no damage.
The centaur kicks you. The centaur barely misses you. The centaur misses you.
You hit the centaur but do no damage. Your squeeze misses the centaur.
The centaur is heavily wounded.
The centaur misses you.
The centaur kicks you but does no damage.
You hit the centaur but do no damage. Your squeeze misses the centaur.
The centaur is heavily wounded.
The centaur barely misses you. The centaur misses you.
You barely miss the centaur.
The centaur is heavily wounded.
The centaur hits you. The centaur kicks you.
You hit the centaur.
The centaur is severely wounded.
The centaur hits you.
* * * LOW HITPOINT WARNING * * *
The centaur misses you. The centaur hits you.
* * * LOW HITPOINT WARNING * * *
The centaur misses you.
You closely miss the centaur.
The centaur is severely wounded.
The centaur hits you.
* * * LOW HITPOINT WARNING * * *
The centaur kicks you.
* * * LOW HITPOINT WARNING * * *
You hit the centaur.
The centaur is severely wounded.
The centaur barely misses you. The centaur kicks you.
You die...

#................
###................
#.....############# #.....#
#.....# #.....# #.....#
#.....#
###########.@...######*******
#.....#...#c.........#,,,*,,*
#.........'..........#).....#
#.........#..........#......#
#.........#..........#......#
#...#######..........##...#*#
####*,,.........#'#####...###
*,,,+,,.........#....#.......
*,,,*,..........#....#.......


You could see a centaur.

Vanquished Creatures
  A scorpion (D:5)
  An adder (D:5)
  An orc (D:5)
3 creatures vanquished.

Notes
Turn   | Place    | Note
-------+----------+-------------------------------------------
     0 | D:5      | Chiseanne the Octopode Delver began the quest for the Orb.
     0 | D:5      | Reached XP level 1. HP: 16/16 MP: 1/1
    22 | D:5      | Found a staircase to the Ecumenical Temple.
    40 | Temple   | Entered the Ecumenical Temple
   267 | D:5      | Noticed an orc priest
   278 | D:5      | Reached XP level 2. HP: 10/21 MP: 2/2
   362 | D:5      | Noticed a scorpion
   371 | D:5      | Killed a scorpion
   372 | D:5      | Reached skill level 7 in Stealth
   372 | D:5      | Reached XP level 3. HP: 19/26 MP: 3/3
   372 | D:5      | Reached XP level 4. HP: 23/31 MP: 4/4
   463 | D:5      | Noticed a centaur
   475 | D:5      | HP: 1/31 [centaur (2)]
   476 | D:5      | Slain by a centaur

Illustrated notes

Levels and vault maps discovered:
D:5:      layout_gridville, nicolae_overflow_two_pavilions,
          minmay_temple_entry_slanted, uniq_crazy_yiuf_cottage
Temple:   mainiacjoe_temple_cubbyholes

Skill      XL: |  1  2 |
---------------+-------+-----
Stealth        | 7 |  7.2
Fighting       | |  3.5
Short Blades   | |  2.7
Dodging        | |  2.7

Action                     |  1- 3 |  4- 6 || total
---------------------------+-------+-------++-------
  Melee: Short sword       |    11 |     9 ||    20
         Constrict         |     3 |       ||     3
         Tentacles         |     3 |     2 ||     5
    Use: Scroll            |     1 |     1 ||     2
 Armour: Skin              |       |     2 ||     2
  Dodge: Dodged            |     7 |    11 ||    18
